 Dungeon Crawl Stone Soup version 0.31-a0-202-g547052bce9 (webtiles) character file.

Game seed: 12751228472343084705

137 qw the Skirmisher (level 5, 0/29 HPs)
             Began as a Deep Elf Hunter on June 26, 2023.
             Slain by an orc wizard
             ... wielding a +0 dagger
              (2 damage)
             ... on level 4 of the Dungeon.
             The game lasted 00:00:58 (2532 turns).

qw the Skirmisher (Deep Elf Hunter)                 Turns: 2532, Time: 00:00:58

Health: 0/29       AC:  5    Str: 10    XL:     5   Next: 0%
Magic:  7/7        EV: 11    Int: 14    God:
Gold:   217        SH:  0    Dex: 18    Spells: 4/4 levels left

rFire   . . .        Y - +0 shortbow
rCold   . . .        (shield currently unavailable)
rNeg    . . .        e - +0 ring mail
rPois   .            (no helmet)
rElec   .            (no cloak)
rCorr   .            (no gloves)
SInv    .            (no boots)
Will    .....        (no amulet)
Stlth   +            (no ring)
HPRegen 0.24/turn    (no ring)
MPRegen 0.10/turn

%: no passive effects
@: no status effects
A: no striking features
a: no special abilities


You were on level 4 of the Dungeon.
You visited 1 branch of the dungeon, and saw 4 of its levels.

You collected 217 gold pieces.


   Skills:
 - Level 1.5 Fighting
 + Level 8.4 Ranged Weapons
 - Level 2.4 Dodging
 - Level 1.2 Stealth


You had 4 spell levels left.
You didn't know any spells.
Your spell library was empty.

Inventory:

Hand Weapons
 Y - a +0 shortbow (weapon)
Armour
 e - a +0 ring mail (worn)
Scrolls
 c - a scroll of identify
Potions
 a - a potion of heal wounds
 b - a potion of curing {unknown}
 d - 2 potions of mutation {unknown}
 g - a potion of enlightenment {unknown}
 h - a potion of cancellation {unknown}

Dungeon Overview and Level Annotations

Branches:
Dungeon (4/15)
 Temple: D:4-7

Altars:
Kikubaaqudgha


Message History

The orc wizard is lightly wounded.
The orc wizard hits you but does no damage.
You shoot an arrow.
The arrow hits the orc wizard but does no damage.
The orc wizard is lightly wounded.
The orc wizard gestures at you while chanting.
You resist with some effort. The orc closely misses you.
You shoot an arrow.
The arrow closely misses the orc wizard.
The arrow hits the orc.
The orc is moderately wounded.
The orc misses you.
You shoot an arrow. The arrow barely misses the orc wizard.
The orc hits you with a +0 mace.
The orc wizard mumbles some strange words.
The orc wizard flickers and vanishes!
Deactivating autopickup; reactivate with Ctrl-A.
The orc wizard hits you with a +0 dagger.
The orc hits you with a +0 club.
You shoot an arrow. The arrow barely misses the orc wizard.
The orc hits you but does no damage. The orc wizard barely misses you.
Something hits you. The orc hits you with a +0 club.
You hear some strange, mumbled words.
Something tries to affect you, but you resist.
The orc wizard gestures at you while chanting.
You resist with some effort.
You shoot an arrow. The arrow hits the orc wizard.
The orc wizard is heavily wounded.
The orc wizard hits you with a +0 dagger.
The orc hits you but does no damage.
You shoot an arrow. The arrow hits the orc wizard.
The orc wizard is severely wounded.
The orc hits you but does no damage.
The orc wizard hits you but does no damage.
Something hits you. The orc barely misses you.
You shoot an arrow. The arrow barely misses the orc wizard.
The orc wizard points at you and mumbles some strange words.
The magic dart hits you. The orc hits you but does no damage.
The orc closely misses you. Something hits you.
You die...

...#............#
................(.##
...................#
...................#
....:..............##
.......%............#
............{o......#
............@o....#.#
......!.....oo...##.#
....J#.....###.####.####
... ########..........##
J ####............##
..................#
####...o.)........#
#...o..........#
#...o.........>#


You could see an orc wizard and 3 orcs.

Vanquished Creatures
  Terence (D:3)
  A gnoll (D:1)
  2 adders (D:4)
  A worm (D:4)
  2 dart slugs
  2 bat zombies (D:3)
  5 endoplasms
  6 giant cockroaches
  6 goblins
  4 hobgoblins
  7 jackals
  8 kobolds
  6 quokkas
  5 ball pythons
  7 bats
  3 frilled lizards
  2 rats (D:1)
  2 rat zombies (D:3)
70 creatures vanquished.

Notes
Turn   | Place    | Note
-------+----------+-------------------------------------------
     0 | D:1      | qw the Deep Elf Hunter began the quest for the Orb.
     0 | D:1      | Reached XP level 1. HP: 12/12 MP: 3/3
     0 | D:1      | 0 ||| qw: Version: 0.3-a-22-g0ed2b0b
     0 | D:1      | 0 ||| qw: Game counter: 5909
     0 | D:1      | 0 ||| qw: Melee chars always use a shield: true
     0 | D:1      | 0 ||| qw: God list: Okawaru
     0 | D:1      | 0 ||| qw: Allow faded altars: false
     0 | D:1      | 0 ||| qw: Do Orc after clearing Dungeon:15 true
     0 | D:1      | 0 ||| qw: Do second Lair branch before Depths: true
     0 | D:1      | 0 ||| qw: Lair rune preference: random
     0 | D:1      | 0 ||| qw: Goals: Normal
     0 | D:1      | 0 ||| PLANNING D:1-11
    41 | D:1      | Reached skill level 6 in Ranged Weapons
    41 | D:1      | Reached XP level 2. HP: 16/16 MP: 4/4
   206 | D:1      | Reached XP level 3. HP: 20/20 MP: 5/5
   634 | D:1      | Reached skill level 7 in Ranged Weapons
  1026 | D:1      | 1026 ||| UPGRADING to +0 ring mail.
  1036 | D:1      | 1036 ||| DROPPING +0 leather armour.
  1037 | D:1      | 1037 ||| READING scroll labelled DUGA TACHU.
  1038 | D:1      | 1038 ||| READING scroll labelled ILOINLU LIMOAMM.
  1039 | D:1      | 1039 ||| READING scroll labelled ZUPLITH IR AGA.
  1040 | D:1      | 1040 ||| READING scroll labelled PEW QYTIJAORPHO.
  1041 | D:1      | 1041 ||| DROPPING scroll of butterflies.
  1564 | D:2      | 1564 ||| READING scroll labelled KYCSIQ RIRA.
  1565 | D:2      | 1565 ||| READING 2 scrolls labelled FUEKKE JYRGH.
  1566 | D:2      | 1566 ||| READING 2 scrolls labelled BURIBO HADO.
  1571 | D:2      | 1571 ||| READING scroll labelled ESTROFYXORO.
  1621 | D:3      | Reached XP level 4. HP: 25/25 MP: 6/6
  1866 | D:3      | Noticed Terence
  1883 | D:3      | HP: 2/25 [Terence/+0 falchion (6)]
  1884 | D:3      | 1884 ||| READING scroll of teleportation.
  1999 | D:3      | Killed Terence
  2104 | D:3      | Reached skill level 8 in Ranged Weapons
  2298 | D:3      | Found an ancient bone altar of Kikubaaqudgha.
  2370 | D:3      | 2370 ||| READING 2 scrolls of identify.
  2370 | D:3      | 2370 ||| IDENTIFYING inky potion
  2507 | D:4      | Reached XP level 5. HP: 19/29 MP: 7/7
  2513 | D:4      | 2513 ||| FLEEEEING.
  2515 | D:4      | 2515 ||| FLEEEEING.
  2516 | D:4      | 2516 ||| FLEEEEING.
  2517 | D:4      | 2517 ||| FLEEEEING.
  2521 | D:4      | 2521 ||| Stepping ~*~*~tactically~*~*~ (outnumbered).
  2532 | D:4      | HP: 2/29 [orc wizard/magic dart (6)]
  2532 | D:4      | Slain by an orc wizard

Levels and vault maps discovered:
D:1:      dpeg_arrival_shrine, layout_basic, minmay_pentomino_w4
D:2:      layout_rooms
D:3:      layout_basic, lemuel_zombie_altar_kikubaaqudgha, uniq_terence
D:4:      layout_rooms, dreamdust_mushroom_princess

Skill      XL: |  1  2  3  4 |
---------------+-------------+-----
Ranged Weapons | 6 7 8 |  8.4
Fighting       | |  1.5
Dodging        | |  2.4
Stealth        | |  1.2

Action                     |  1- 3 |  4- 6 || total
---------------------------+-------+-------++-------
   Fire: Shortbow          |   112 |   109 ||   221
    Use: Scroll            |     8 |     2 ||    10
 Armour: Leather armour    |     5 |       ||     5
         Ring mail         |       |    20 ||    20
  Dodge: Dodged            |    18 |    30 ||    48

Table legend:
 A = Non-vault XP
 B = Vault XP
 C = Vault XP percentage of total XP
 D = Non-vault monster count
 E = Vault monster count
 F = Vault count percentage of total count
                 A         B        C        D         E       F
            +---------+---------+-------+---------+---------+-------
      Total |     144 |      53 |  26.9 |      59 |      11 |  15.7
            +---------+---------+-------+---------+---------+-------
        D:1 |      60 |      11 |  15.5 |      27 |       6 |  18.2
        D:2 |      19 |       0 |   0.0 |      10 |       0 |   0.0
        D:3 |      24 |      42 |  63.6 |      14 |       5 |  26.3
        D:4 |      41 |       0 |   0.0 |       8 |       0 |   0.0
            +---------+---------+-------+---------+---------+-------
